 Dungeon Crawl Stone Soup version 0.31-a0-276-ge00219d475 (webtiles) character file.

Game seed: 18080777960106979998

3931 IndexError the Grappler (level 10, -1/102 HPs)
             Began as a Troll Shapeshifter on July 15, 2023.
             Was a High Priest of Uskayaw.
             Slain by a gnoll sergeant
             ... wielding a +0 trident of flaming
              (9 damage)
             ... on level 7 of the Dungeon.
             The game lasted 00:11:11 (5344 turns).

IndexError the Grappler (Troll Shapeshifter)        Turns: 5344, Time: 00:11:12

Health: -1/102     AC:  9    Str: 30    XL:     10   Next: 1%
Magic:  9/9        EV: 10    Int: 10    God:    Uskayaw [*****.]
Gold:   329        SH:  0    Dex: 14    Spells: 9/9 levels left

rFire   . .          .
                       - Unarmed
rCold   . . .        (shield currently unavailable)
rNeg    . . .        M - melded +0 steam dragon scales
rPois   .            u - melded +2 hat
rElec   .            (cloak currently unavailable)
rCorr   .            (gloves unavailable)
SInv    .            (boots unavailable)
Will    .....        C - amulet of the acrobat
Stlth   +            E - +6 ring of intelligence
HPRegen 1.17/turn    (no ring)
MPRegen 0.11/turn

%: acrobat
@: about to teleport, snake-form
A: constrict, boosted hp, large, unfitting armour, (claws 3), regeneration 1,
(shaggy fur 1), (tough skin 1)
a: Begin Untransformation, Renounce Religion, Stomp, Line Pass, Grand Finale


You were on level 7 of the Dungeon.
You worshipped Uskayaw.
Uskayaw was noncommittal.
You were an enormous anaconda.
You visited 2 branches of the dungeon, and saw 8 of its levels.
You also visited: Sewer.

You collected 329 gold pieces.

Inventory:

Hand Weapons
 g - a +1 dagger
   (You found it on level 1 of the Dungeon)
 i - a +0 hand axe
   (You found it on level 1 of the Dungeon)
 k - a +0 dagger
   (You took it off a goblin on level 1 of the Dungeon)
 r - a +0 dagger
   (You took it off a kobold on level 2 of the Dungeon)
 s - a +0 club
   (You took it off a goblin on level 2 of the Dungeon)
Missiles
 v - 3 javelins
 y - 10 curare-tipped darts
 O - a throwing net {=f, !d}
Armour
 u - a +2 hat (melded)
   (You found it on level 2 of the Dungeon)
 M - +0 steam dragon scales (melded)
   (You found it on level 6 of the Dungeon)
Magical Staves
 I - a staff of fire {rF+}
   (You found it on level 5 of the Dungeon)
 J - a staff of air {rElec}
   (You found it on level 5 of the Dungeon)
Jewellery
 t - a ring of ice {rC+, rF-}
   (You found it on level 2 of the Dungeon)
 C - an amulet of the acrobat (around neck)
   (You found it on level 4 of the Dungeon)
 E - a +6 ring of intelligence (left hand)
   (You found it on level 5 of the Dungeon)
Talismans
 c - a beast talisman
 F - a serpent talisman
   (You found it on level 4 of the Dungeon)
Wands
 w - a wand of paralysis (10)
   (You took it off Ijyb on level 3 of the Dungeon)
Scrolls
 f - 2 scrolls of blinking {unknown}
 h - 4 scrolls of enchant weapon
 j - 2 scrolls of revelation
 m - 3 scrolls of poison {!r}
 p - a scroll of noise {!r}
 x - 2 scrolls of amnesia
 G - 2 scrolls of fear
 H - 2 scrolls of enchant armour {unknown}
 K - a scroll of vulnerability {!r!r}
 N - a scroll of brand weapon {unknown}
 P - 2 scrolls of fog {unknown}
Potions
 a - a potion of heal wounds {unknown}
 b - a potion of lignification {!q}
 d - 2 potions of degeneration {unknown}
 l - 2 potions of mutation {unknown}
 n - 4 potions of enlightenment {unknown}
 o - 2 potions of might {unknown}
 q - 5 potions of curing {unknown}
 z - a potion of cancellation {unknown}
 A - a potion of magic {unknown}
 B - 2 potions of resistance {unknown}
 D - 2 potions of attraction {unknown}
 L - a potion of haste {unknown}
 Q - a potion of ambrosia {unknown}


   Skills:
 - Level 1.5 Fighting
 - Level 1.5 Dodging
 - Level 10.0 Unarmed Combat
 + Level 9.5 Shapeshifting


You had 9 spell levels left.
You didn't know any spells.
Your spell library contained the following spells:

 Spells                   Type           Power      Damage    Failure   Level
 Ensorcelled Hibernation  Hex/Ice        0%         N/A       50%         2
 Passwall                 Tmut/Erth      0%         N/A       50%         2
 Wereblood                Tmut           0%         N/A       50%         2
 Gell's Gravitas          Tloc           0%         N/A       75%         3
 Portal Projectile        Hex/Tloc       0%         N/A       75%         3
 Swiftness                Air            0%         N/A       75%         3
 Teleport Other           Tloc           0%         N/A       75%         3
 Tukima's Dance           Hex            0%         N/A       75%         3
 Iskenderun's Mystic Bla  Conj/Tloc      0%         2d3       98%         4
 Irradiate                Conj/Tmut      0%         3d11      100%        5
 Dispersal                Tloc           0%         N/A       100%        6


Dungeon Overview and Level Annotations

Branches:
Dungeon (7/15)             Temple (1/1) D:4           Sewer (visited)

Altars:
Ashenzari
Cheibriados
Dithmenos
Elyvilon
Fedhas
Gozag
Hepliaklqana
Kikubaaqudgha
Makhleb
Nemelex Xobeh
Okawaru
Qazlal
Ru
Sif Muna
Trog
Uskayaw
Vehumet
Wu Jian
Xom
Yredelemnul
Zin
The Shining One

Shops:
D:1 *

Annotations:
D:7 1 transporter


Innate Abilities, Weirdness & Mutations

You are an enormous anaconda.
You have a powerful constriction melee attack.
Your maximum health is increased.
Your armour is entirely melded.
You are incapable of wielding weapons or throwing items.
You are too large for most types of armour.
((You have claws for hands.))
Your natural rate of healing is unusually fast.
((You are covered in fur. (AC +1)))
((You have tough skin. (AC +1)))


Message History

The yak bellows!
You hit the acid dragon. Your grab misses the acid dragon.
The yak snorts and paws the ground.
The acid dragon spits acid at you. The splash of acid misses you.
An orc comes into view. It is wielding a +0 falchion.
You hear an angry hiss.
You lash the acid dragon! Your grab misses the acid dragon.
The acid dragon bites you.
The acid dragon claws you but does no damage.
You take 6 damage, and have 85/91 hp.
You lash the acid dragon! Your grab misses the acid dragon.
The acid dragon bites you. The acid dragon misses you.
You can now pass through a line of other dancers.
You take 2 damage, and have 83/91 hp.
You closely miss the acid dragon. You grab the acid dragon.
You constrict the acid dragon.
The kobold brigand throws a curare-tipped dart.
The curare-tipped dart hits you.
You are poisoned.
You have difficulty breathing.
You feel yourself slow down.
You take 6 damage, and have 77/91 hp.
A boulder beetle comes into view.
You feel very sick.
There is an open door, spattered with blood here.
You take 4 damage, and have 73/91 hp.
You hit the boulder beetle. You grab the boulder beetle.
You constrict the boulder beetle, but do no damage.
You feel very sick.
You take 2 damage, and have 71/91 hp.
You body-slam the boulder beetle!!
You constrict the boulder beetle.
You feel sick.
The boulder beetle leaps free!
The yak barely misses you.
Uskayaw will force your foes to helplessly watch your dance.
Uskayaw prepares the audience for your solo!
The helpless yak fails to defend itself.
You body-slam the yak!!
You grab the yak. You constrict the yak.
You feel sick.
The gnoll sergeant is no longer paralysed.
The slime creature is no longer paralysed.
The boulder beetle is no longer paralysed.
The kobold brigand is no longer paralysed.
The yak is no longer paralysed.
The orc is no longer paralysed.
The yak closely misses you.
Uskayaw will force your foes to share their pain.
Uskayaw links your audience in an emotional bond!
You take 1 damage, and have 70/91 hp.
You completely miss the yak. You constrict the yak.
You feel sick.
You hit the slime creature.
You feel sick.
The slime creature is no longer sharing its pain.
The boulder beetle is no longer sharing its pain.
The kobold brigand is no longer sharing its pain.
The slime creature closely misses you.
You body-slam the slime creature!!
You feel sick.
The gnoll sergeant is no longer sharing its pain.
The orc is no longer sharing its pain.
The gnoll sergeant barely misses you. The slime creature hits you!
You take 13 damage, and have 58/91 hp.
You lash the slime creature!
You feel sick.
You are no longer poisoned.
The gnoll sergeant barely misses you. The slime creature hits you!
The orc jeers repeatedly.
The gnoll sergeant hits you from afar with a +0 trident of flaming!
The gnoll sergeant burns you. The slime creature hits you!
* * * LOW HITPOINT WARNING * * *
You can now merge with and destroy a victim.
You take 32 damage, and have 26/91 hp.
MASSIVE DAMAGE!!
You lash the slime creature!
The gnoll sergeant hits you but does no damage.
The boulder beetle leaps!
You hit the kobold brigand but do no damage.
Your grab misses the kobold brigand. The kobold brigand barely misses you.
The gnoll sergeant hits you but does no damage.
The boulder beetle waves its antennae.
The boulder beetle curls into a ball and begins rolling!
You regained 2 hp, and now have 29/91 hp.
You hit the kobold brigand. You grab the kobold brigand.
You constrict the kobold brigand. The kobold brigand barely misses you.
The gnoll sergeant hits you from afar with a +0 trident of flaming!
* * * LOW HITPOINT WARNING * * *
The gnoll sergeant burns you.
* * * LOW HITPOINT WARNING * * *
You take 13 damage, and have 16/91 hp.
You lash the kobold brigand! You constrict the kobold brigand!
The gnoll sergeant hits you from afar with a +0 trident of flaming!
* * * LOW HITPOINT WARNING * * *
The gnoll sergeant burns you.
* * * LOW HITPOINT WARNING * * *
The gnoll sergeant hits you from afar with a +0 trident of flaming.
* * * LOW HITPOINT WARNING * * *
The gnoll sergeant burns you.
* * * LOW HITPOINT WARNING * * *
The orc closely misses you.
You have reached level 10!
You take 10 damage, and have 6/102 hp.
MP restored: 9
As you read the scroll of teleportation, it crumbles to dust.
You feel strangely unstable.
You feel yourself speed up.
The boulder beetle stops rolling and uncurls.
The gnoll sergeant hits you from afar with a +0 trident of flaming!
You die...

##)......##.......#.....#
##.###..#####.........###
#...#####)..##...##..##.
....#.#.')(..#...##.##..
.##.##))####'####.###/..
###.#.).#.......#.# ....
# ####'##.⌠...⌠.###.....
###888.##..⌠....##g...).
#.'....8#...⌠...SoB°(.!#
..#888.##....⌠..##..°.?!
..####+##.⌠...⌠.# ..°..
.#..# #.......# ....
.##.# ####+#### ... ....#
.. ....##### .
........#####..
.............#


You could see a boulder beetle, a gnoll sergeant and an orc.

Vanquished Creatures
  A cyclops (D:7)
  The ghost of MrAu the Shield-Bearer, an amateur FoFi (D:3)
  A slime creature (D:7)
  A yak (D:7)
  2 steam dragons
  An acid dragon (D:7)
  4 water moccasins
  Pargi (Sewer)
  An orc warrior (D:6)
  An ice beast (D:6)
  3 black bears
  3 ogres
  2 centaurs
  A phantom (D:4)
  2 kobold brigands (D:7)
  2 gnoll sergeants
  2 scorpions
  A gnoll bouda (D:7)
  4 hounds
  2 jellies (D:4)
  An orc priest (D:6)
  7 iguanas
  Ijyb (D:3)
  An orc wizard (D:6)
  20 gnolls
  9 adders
  A shadow imp (D:7)
  An ufetubus (D:5)
  A worm (D:3)
  3 dart slugs
  11 orcs
  12 bats
  6 endoplasms
  8 giant cockroaches
  8 goblins
  4 hobgoblins
  4 jackals
  3 quokkas
  8 ball pythons
  7 frilled lizards
  10 kobolds
  5 rats
167 creatures vanquished.

Vanquished Creatures (others)
  A gnoll (D:7)
1 creature vanquished.

Grand Total: 168 creatures vanquished

Notes
Turn   | Place    | Note
-------+----------+-------------------------------------------
     0 | D:1      | IndexError the Troll Shapeshifter began the quest for the
                  | Orb.
     0 | D:1      | Reached XP level 1. HP: 19/19 MP: 0/0
   113 | D:1      | Reached XP level 2. HP: 27/27 MP: 1/1
   331 | D:1      | Found Ysymoda's General Store.
   653 | D:2      | Reached skill level 3 in Unarmed Combat
   653 | D:2      | Reached XP level 3. HP: 33/33 MP: 2/2
   866 | D:2      | Reached XP level 4. HP: 41/41 MP: 3/3
  1194 | D:3      | Noticed Ijyb
  1203 | D:3      | Killed Ijyb
  1204 | D:3      | Reached skill level 4 in Shapeshifting
  1694 | D:3      | Found a runed translucent door.
  1874 | D:3      | Noticed MrAu's ghost (amateur FoFi)
  1883 | D:3      | Killed MrAu's ghost
  1884 | D:3      | Reached skill level 4 in Unarmed Combat
  1884 | D:3      | Reached XP level 5. HP: 30/48 MP: 4/4
  1884 | D:3      | Reached XP level 6. HP: 34/55 MP: 5/5
  2029 | D:4      | Reached skill level 5 in Unarmed Combat
  2072 | D:4      | Found a staircase to the Ecumenical Temple.
  2090 | D:4      | Reached skill level 5 in Shapeshifting
  2188 | Temple   | Entered the Ecumenical Temple
  2514 | Temple   | Became a worshipper of Uskayaw the Reveller
  2622 | D:4      | Reached * piety under Uskayaw
  2669 | D:4      | Reached ** piety under Uskayaw
  2758 | D:4      | Found an opulent altar of Gozag.
  2788 | D:4      | Reached XP level 7. HP: 52/62 MP: 6/6
  3214 | D:5      | Entered Level 5 of the Dungeon
  3244 | D:5      | Reached *** piety under Uskayaw
  3247 | D:5      | Reached skill level 6 in Unarmed Combat
  3485 | D:5      | Reached skill level 6 in Shapeshifting
  3573 | D:5      | Reached XP level 8. HP: 52/70 MP: 7/7
  3576 | D:5      | Reached **** piety under Uskayaw
  3579 | D:5      | Reached skill level 7 in Unarmed Combat
  3580 | D:5      | Reached ***** piety under Uskayaw
  4096 | D:6      | Found a glowing drain.
  4127 | D:6      | Reached skill level 7 in Shapeshifting
  4132 | D:6      | Reached skill level 8 in Unarmed Combat
  4155 | Sewer    | Entered a sewer
  4195 | Sewer    | Noticed Pargi
  4200 | Sewer    | Killed Pargi
  4463 | D:6      | Found an ancient bone altar of Kikubaaqudgha.
  4495 | D:6      | Reached XP level 9. HP: 76/76 MP: 8/8
  4945 | D:7      | Reached skill level 9 in Unarmed Combat
  4945 | D:7      | Reached skill level 8 in Shapeshifting
  5047 | D:7      | Found a transporter.
  5274 | D:7      | Noticed a cyclops
  5279 | D:7      | Killed a cyclops
  5301 | D:7      | Reached skill level 10 in Unarmed Combat
  5301 | D:7      | Reached skill level 9 in Shapeshifting
  5332 | D:7      | Noticed a boulder beetle
  5342 | D:7      | HP: 18/91 [gnoll sergeant/+0 trident of flaming (12)]
  5343 | D:7      | HP: 8/91 [gnoll sergeant/+0 trident of flaming (3)]
  5344 | D:7      | Reached XP level 10. HP: 6/85 MP: 9/9
  5344 | D:7      | Slain by a gnoll sergeant

Illustrated notes

Levels and vault maps discovered:
D:1:      eino_arrival_tree_alley, layout_rooms, serial_shops, shop,
          minmay_pentomino_w2
D:2:      layout_basic, minmay_misc_feat_columns,
          minmay_randomly_rotated_circles
D:3:      layout_basic, ebering_ghost_reflecting_pool, uniq_ijyb
D:4:      layout_loops_ring, kennysheep_mini_moat, minmay_temple_entry_grid
D:5:      layout_basic
D:6:      layout_basic, nicolae_kikubaaqudgha_miasma_corner,
          gup_sewer_entry_glass
D:7:      minmay_chambers_of_sevens, layout_cave_pools,
          gammafunk_ghost_gnarly_gnolls
Temple:   mainiacjoe_temple_cubbyholes

Skill      XL: |  1  2  3  4  5  6  7  8  9 |
---------------+----------------------------+-----
Unarmed Combat | 3 4 5 6 8 10 | 10.0
Shapeshifting  | 4 5 6 7 9 |  9.5
Fighting       | |  1.5
Dodging        | |  1.5

Action                     |  1- 3 |  4- 6 |  7- 9 | 10-12 || total
---------------------------+-------+-------+-------+-------++-------
  Melee: Unarmed           |    86 |    88 |   199 |       ||   373
         Punch             |     1 |     2 |     1 |       ||     4
         Constrict         |       |       |    41 |       ||    41
    Use: Scroll            |       |       |     8 |     1 ||     9
   Stab: Sleeping          |     1 |       |     1 |       ||     2
         Paralysed         |       |       |     7 |       ||     7
 Armour: Animal skin       |    32 |    26 |     3 |       ||    61
         Skin              |       |       |    38 |       ||    38
  Dodge: Dodged            |    34 |    52 |   120 |       ||   206
         Form:             |       |     1 |     1 |       ||     2
         Beast             |       |     1 |       |       ||     1
         Anaconda          |       |       |     2 |       ||     2

Table legend: (Time is in decaauts)
 A = Elapsed time spent in this place.
 B = Non-inter-level travel time spent in this place.
 C = Inter-level travel time spent in this place.
 D = Time resting spent in this place.
 E = Time spent auto-exploring this place.
 F = Levels seen in this place.
 G = Mean time per level.
                   A        B        C        D        E       F      G
               +--------+--------+--------+--------+--------+-----+--------+
         Total |   5321 |   4463 |    858 |      0 |   3391 |   9 |  591.2 |
       Dungeon |   4753 |   3960 |    793 |      0 |   3062 |   7 |  679.0 |
        Temple |    356 |    291 |     65 |      0 |    289 |   1 |  356.0 |
         Sewer |    211 |    211 |      0 |      0 |     40 |   1 |  211.0 |
               +--------+--------+--------+--------+--------+-----+--------+

Top non-repeatable levels by time:
     D:4: 936 daAuts
     D:5: 741 daAuts
     D:6: 723 daAuts
     D:2: 694 daAuts
     D:1: 682 daAuts
     D:3: 644 daAuts
  Temple: 356 daAuts
     D:7: 329 daAuts
   Sewer: 211 daAuts

Levels and vault maps discovered:
D:1:      eino_arrival_tree_alley, layout_rooms, serial_shops, shop,
          minmay_pentomino_w2
D:2:      layout_basic, minmay_misc_feat_columns,
          minmay_randomly_rotated_circles
D:3:      layout_basic, ebering_ghost_reflecting_pool, uniq_ijyb
D:4:      layout_loops_ring, kennysheep_mini_moat, minmay_temple_entry_grid
D:5:      layout_basic
D:6:      layout_basic, nicolae_kikubaaqudgha_miasma_corner,
          gup_sewer_entry_glass
D:7:      minmay_chambers_of_sevens, layout_cave_pools,
          gammafunk_ghost_gnarly_gnolls
Temple:   mainiacjoe_temple_cubbyholes

Table legend: (Time is in decaauts)
 A = Elapsed time spent in this place.
 B = Non-inter-level travel time spent in this place.
 C = Inter-level travel time spent in this place.
 D = Time resting spent in this place.
 E = Time spent auto-exploring this place.
 F = Levels seen in this place.
 G = Mean time per level.
                   A        B        C        D        E       F      G
               +--------+--------+--------+--------+--------+-----+--------+
         Total |   5321 |   4463 |    858 |      0 |   3391 |   9 |  591.2 |
       Dungeon |   4753 |   3960 |    793 |      0 |   3062 |   7 |  679.0 |
        Temple |    356 |    291 |     65 |      0 |    289 |   1 |  356.0 |
         Sewer |    211 |    211 |      0 |      0 |     40 |   1 |  211.0 |
               +--------+--------+--------+--------+--------+-----+--------+

Top non-repeatable levels by time:
     D:4: 936 daAuts
     D:5: 741 daAuts
     D:6: 723 daAuts
     D:2: 694 daAuts
     D:1: 682 daAuts
     D:3: 644 daAuts
  Temple: 356 daAuts
     D:7: 329 daAuts
   Sewer: 211 daAuts

Table legend:
 A = Kills in this place as a percentage of kills in the entire game.
 B = Kills by you in this place as a percentage of kills by you in the entire game.
 C = Kills by friends in this place as a percentage of kills by friends in the entire game.
 D = Other kills in this place as a percentage of other kills in the entire game.
 E = Experience gained in this place as a percentage of experience gained in the entire game.
 F = Experience gained in this place divided by the number of levels of this place that you have seen.
                   A       B       C       D       E      F
               +-------+-------+-------+-------+-------+----------------------
         Total | 100.0 | 100.0 |   N/A |   N/A | 100.0 | 624.0
       Dungeon |  94.6 |  94.6 |   N/A |   N/A |  96.9 | 777.1
         Sewer |   5.4 |   5.4 |   N/A |   N/A |   3.1 | 176.0
               +-------+-------+-------+-------+-------+----------------------
